AoeStats
← Rafelso

Four Lakes

509954080Analyzed
1v1 RM · 5d ago on Sep 28, 2026· 38m 5s· 2 players
Game mode
Random Map
Map size
Tiny (2 player)
Population
200
Speed
Normal
Resources
Standard
Victory
Conquest
Starting age
Dark Age
Ending age
Imperial Age
RankedLock teamsTeams togetherTeam positionsShared explorationLock speedFull tech treeHidden civsTurbo modeCheats
Victory
Defeat
🇵🇱 Burmese · Poland
1904
+10
🇫🇷 Hindustanis · France
1777
-10
Rafelso
6:47 Loom
9:17 Feudal Age
9:49 Double-Bit Axe
16:12 Fletching
17:25 Padded Archer Armor
23:52 Castle Age
22:54 Bloodlines
24:30 Bodkin Arrow
23:57 Elite Skirmisher
26:35 Town Watch
27:18 Ballistics
30:42 Scale Mail Armor
35:02 Wheelbarrow
36:47 Bow Saw
38:50 Hand Cart
ELEOS | Hitorek
6:55 Loom
9:23 Feudal Age
9:26 Man-at-Arms
13:27 Fletching
14:33 Wheelbarrow
16:28 Fishing Lines
21:39 Castle Age
20:11 Scale Barding Armor
20:57 Bloodlines
21:45 Crossbowman
22:20 Bodkin Arrow
23:13 Forging
23:25 Husbandry
27:55 Gold Mining
28:14 Gillnets
29:21 Chain Barding Armor
31:22 Hand Cart
33:03 Long Swordsman
33:44 Squires
33:30 Gambesons
37:56 Imperial Age
35:28 Scale Mail Armor
36:04 Iron Casting
35:26 Arson
37:09 Stone Mining
38:08 Chain Mail Armor
38:01 Two-Handed Swordsman
39:42 Blast Furnace
Connection lost

Rejoining the realm…

Still unreachable

The connection could not be restored.

Session expired

The server has moved on; the page needs a fresh start.